 Dungeon Crawl Stone Soup version 0.22.0-18-ge075c0d (webtiles) character file.

1600 sw3dish the Grappler (level 8, -4/78 HPs)
             Began as a Troll Abyssal Knight on Aug 19, 2018.
             Was an Elder of Lugonu.
             Slain by a sky beast (5 damage)
             ... on level 5 of the Dungeon.
             The game lasted 00:07:56 (4605 turns).

sw3dish the Grappler (Troll Abyssal Knight)         Turns: 4605, Time: 00:07:57

Health: -4/78      AC:  5    Str: 21    XL:     8   Next: 62%
Magic:  10/10      EV: 10    Int:  8    God:    Lugonu [****..]
Gold:   394        SH:  0    Dex: 11    Spells: 7/7 levels left

rFire    . . .     SeeInvis .     - Unarmed
rCold    . . .     Gourm    +   (no shield)
rNeg     . . .     Faith    +   a - +0 robe
rPois    .         Spirit   .   i - +0 hat
rElec    .         Reflect  .   (no cloak)
rCorr    .         Harm     .   (gloves unavailable)
MR       .....                  (boots unavailable)
Stlth    +.........             n - amulet of faith
HPRegen  0.63/turn              (no ring)
MPRegen  0.12/turn              (no ring)

@: no status effects
A: large, unfitting armour, claws 3, fast metabolism 3, gourmand, regeneration
1, shaggy fur 1, tough skin 2
a: Depart the Abyss, Bend Space, Banish, Corrupt, Renounce Religion


You were on level 5 of the Dungeon.
You worshipped Lugonu.
Lugonu was greatly pleased with you.
You were very full.

You visited 1 branch of the dungeon, and saw 7 of its levels.
You visited the Abyss 1 time.

You collected 394 gold pieces.

Inventory:

Armour
 a - a +0 robe (worn)
 i - a +0 hat (worn)
Jewellery
 f - an uncursed amulet of the acrobat
 n - an amulet of faith (around neck)
 p - a +4 ring of intelligence {unknown}
 q - an uncursed amulet of rage {unknown}
Wands
 m - a wand of flame (16)
 s - a wand of digging (10)
 v - a wand of disintegration (20)
 y - a wand of scattershot (8)
Scrolls
 c - 3 scrolls of noise {unknown}
 d - 6 scrolls of identify {unknown}
 j - 3 scrolls of amnesia {unknown}
 k - 4 scrolls of teleportation {unknown}
 l - 3 scrolls of enchant armour {unknown}
 t - 2 scrolls of enchant weapon {unknown}
 u - 4 scrolls of immolation {unknown}
 x - a scroll of remove curse {unknown}
Potions
 e - 2 potions of brilliance {unknown}
 g - 2 potions of flight {unknown}
 h - a potion of agility {unknown}
 o - 2 potions of curing {unknown}
 r - a potion of heal wounds {unknown}
 w - 2 potions of invisibility {unknown}
 z - a potion of lignification {unknown}
 A - a potion of degeneration {unknown}
Comestibles
 b - 12 rations
 B - 10 chunks of flesh


   Skills:
 + Level 3.7 Fighting
 - Level 1.9 Dodging
 - Level 0.5 Stealth
 * Level 9.4 Unarmed Combat
 * Level 4.4 Invocations


You had 7 spell levels left.
You didn't know any spells.
Your spell library was empty.

Dungeon Overview and Level Annotations

Branches:
Dungeon (7/15)             Temple (0/1) D:4

Altars:
Ashenzari
Dithmenos
Fedhas
Kikubaaqudgha
Qazlal

Shops:
D:4 (}*

Annotations:
Abyss:1 Dowan, Sigmund


Innate Abilities, Weirdness & Mutations

You are too large for most types of armour.
You have claws for hands.
Your metabolism is lightning-fast.
You like to eat raw meat.
Your natural rate of healing is unusually fast.
You are covered in fur. (AC +1)
You have very tough skin. (AC +2)


Message History

* * * LOW HITPOINT WARNING * * *
You see here 2 arrows.
The centaur shoots an arrow.
The arrow hits you.
* * * LOW HITPOINT WARNING * * *
The centaur shoots an arrow.
The arrow closely misses you.
The centaur shoots an arrow.
There is a stone staircase leading up, spattered with blood here.
You see here 3 arrows.
Something hits you but does no damage.
You climb upwards.
There is a stone staircase leading down here.
You miss something. Something hits you.
* * * LOW HITPOINT WARNING * * *
Something shocks you.
* * * LOW HITPOINT WARNING * * *
Press: ? - help, Shift-Dir - straight line You fail to use your ability.
Something hits you.
* * * LOW HITPOINT WARNING * * *
Something shocks you.
You die...

##.#.#.....)...###....# #......
.........#.#(......##.# #......
##..........##.######.#####.####.
##.#.#.#.#..##....# #....>.......
##.#..............# #############
.......########...# ##.#####
##.## ....##### #.# ........#
#@## ....###.### #{.# ##.##.....#
##.# ...##.....# #.# #####.....#
#.# # #.....# #.# ## #.....# #.#
.# ####### #.# .# #.#


There were no monsters in sight!

Vanquished Creatures
  Duvessa (D:4)
  An orc warrior (D:5)
  A black bear (D:6)
  An ogre (D:4)
  Blork the orc (D:4)
  A bullfrog (D:6)
  A howler monkey (D:4)
  A crimson imp (D:5)
  A bullfrog zombie (D:6)
  8 hounds
  A bullfrog skeleton (D:5)
  3 orc wizards
  3 orc priests (D:5)
  Natasha (D:4)
  2 iguanas
  4 worker ants
  2 howler monkey skeletons
  7 adders
  2 shadow imps
  An ooze (D:1)
  An adder skeleton (D:4)
  4 worms
  2 dart slugs
  4 leopard geckos
  11 orcs
  3 giant cockroaches
  6 goblins
  5 hobgoblins
  4 jackals (D:4)
  2 ball pythons
  A ball python skeleton (D:4)
  7 bats
  6 kobolds
  A leopard gecko skeleton (D:4)
  8 rats
108 creatures vanquished.

Notes
Turn   | Place    | Note
-------+----------+-------------------------------------------
     0 | Abyss:1  | sw3dish the Troll Abyssal Knight began the quest for the Orb.
     0 | Abyss:1  | Reached XP level 1. HP: 22/22 MP: 1/1
    52 | Abyss:1  | Noticed a starcursed mass
    79 | D:1      | Escaped the Abyss
   244 | D:1      | Reached XP level 2. HP: 22/29 MP: 2/2
   402 | D:1      | Reached ** piety under Lugonu
   786 | D:2      | Reached XP level 3. HP: 36/36 MP: 3/3
  1444 | D:3      | Reached skill level 3 in Unarmed Combat
  1446 | D:3      | Reached XP level 4. HP: 45/45 MP: 4/4
  1782 | D:3      | Reached skill level 4 in Unarmed Combat
  1782 | D:3      | Reached XP level 5. HP: 48/53 MP: 5/5
  1935 | D:3      | Found a faded altar of an unknown god.
  1947 | D:3      | Reached *** piety under Lugonu
  2134 | D:4      | Noticed Natasha
  2140 | D:4      | Killed Natasha
  2171 | D:4      | Found a staircase to the Ecumenical Temple.
  2205 | D:4      | Noticed Sigmund
  2212 | D:4      | Reached skill level 5 in Unarmed Combat
  2212 | D:4      | Reached XP level 6. HP: 61/61 MP: 6/6
  2233 | D:4      | Banished Sigmund
  2346 | D:4      | Noticed Duvessa
  2356 | D:4      | Noticed Dowan
  2369 | D:4      | Killed Duvessa
  2369 | D:4      | Reached skill level 6 in Unarmed Combat
  2369 | D:4      | Reached XP level 7. HP: 34/67 MP: 8/8
  2372 | D:4      | Banished Dowan
  2579 | D:4      | Found a stormy altar of Qazlal.
  2666 | D:4      | Found Vieg's Assorted Antiques.
  2870 | D:4      | Found a shattered altar of Ashenzari.
  2871 | D:4      | Found a shadowy altar of Dithmenos.
  2984 | D:4      | Found Onakeaff's Gadget Emporium.
  3015 | D:4      | Reached skill level 7 in Unarmed Combat
  3047 | D:4      | Noticed Blork the orc
  3055 | D:4      | Killed Blork the orc
  3173 | D:4      | Found Baovuapn's Antique Weapon Emporium.
  3313 | D:4      | You fall through a shaft for 3 floors!
  3383 | D:5      | Entered Level 5 of the Dungeon
  3457 | D:5      | Reached skill level 8 in Unarmed Combat
  3457 | D:5      | Reached XP level 8. HP: 56/75 MP: 9/9
  3931 | D:5      | Found a blossoming altar of Fedhas.
  3932 | D:5      | Found an ancient bone altar of Kikubaaqudgha.
  4396 | D:6      | Reached skill level 9 in Unarmed Combat
  4545 | D:6      | Reached **** piety under Lugonu
  4604 | D:5      | HP: 2/78 [something (6)]
  4605 | D:5      | Slain by a sky beast

Skill      XL: |  1  2  3  4  5  6  7  8 |
---------------+-------------------------+-----
Invocations    | 2 3 4 |  4.4
Fighting       | 3 |  3.7
Unarmed Combat | 3 4 5 6 8 9 |  9.4
Dodging        | |  1.9
Stealth        | |  0.5

Action                   |  1- 3 |  4- 6 |  7- 9 || total
-------------------------+-------+-------+-------++-------
Melee: Unarmed           |   109 |   102 |   140 ||   351
       Punch             |     1 |     1 |    11 ||    13
Invok: Banish            |       |     1 |     2 ||     3
 Stab: Sleeping          |     2 |       |       ||     2
       Distracted        |       |       |     1 ||     1
  Eat: Chunk             |    19 |     8 |    21 ||    48
Armor: Robe              |    52 |    32 |    34 ||   118
Dodge: Dodged            |    59 |    45 |    65 ||   169
